 Dungeon Crawl Stone Soup version 0.32-a0-928-g1cae6b7ea0 (webtiles) character file.

Game seed: 3002786428365384993

102 PriceMaster the Digger (level 4, -4/21 HPs)
             Began as a Spriggan Earth Elementalist on Apr 12, 2024.
             Killed by nerve-wracking pain
             ... invoked by an orc priest
              (12 damage)
             ... on level 3 of the Dungeon.
             The game lasted 00:02:26 (2507 turns).

PriceMaster the Digger (SpEE)                       Turns: 2507, Time: 00:02:27

Health: -4/21      AC:  2    Str:  4    XL:     4   Next: 49%
Magic:  5/10       EV: 16    Int: 18    God:
Gold:   91         SH:  0    Dex: 15    Spells: 9/10 levels left

rFire   + . .        p - +4 dagger
rCold   . . .        (no shield)
rNeg    . . .        a - +0 robe
rPois   .            (helmet restricted)
rElec   .            (no cloak)
rCorr   .            (gloves unavailable)
SInv    +            (boots unavailable)
Will    .....        (no amulet)
Stlth   ++           h - ring of protection from fire
HPRegen 0.23/turn    (no ring)
MPRegen 0.12/turn

%: no passive effects
@: studying Short Blades, very quick
A: very small, no large weapons, unfitting armour, see invisible, speed 3
a: Convert to Beogh


You were on level 3 of the Dungeon.
You visited 1 branch of the dungeon, and saw 3 of its levels.

You collected 91 gold pieces.

Inventory:

Hand Weapons
 i - the +4 longbow of Wondrous Power {antimagic, rElec rF+ Dex+2}
   (You found it on level 2 of the Dungeon)

   Dex+2:     It affects your dexterity (+2).
   rF+:       It protects you from fire.
   rElec:     It insulates you from electricity.
 p - a +4 dagger (weapon)
Armour
 a - a +0 robe (worn)
Jewellery
 h - a ring of protection from fire (left hand)
Scrolls
 e - a scroll of enchant armour {unknown}
 f - a scroll of noise {unknown}
 k - 2 scrolls of teleportation {unknown}
 l - a scroll of vulnerability {unknown}
 m - a scroll of fog {unknown}
Potions
 b - 4 potions of magic
 c - 2 potions of heal wounds {unknown}
 d - a potion of degeneration {unknown}
 g - 3 potions of curing {unknown}
 j - 2 potions of mutation {unknown}
 n - a potion of attraction {unknown}
 o - a potion of lignification {unknown}


   Skills:
 * Level 0.3 Short Blades
 * Level 2.8 Dodging
 * Level 3.6 Stealth
 + Level 3.9 Spellcasting
 + Level 0.6 Conjurations
 + Level 4.0 Earth Magic


You had 9 spell levels left.
You knew the following spells:

 Your Spells              Type           Power      Damage    Failure   Level
a - Sandblast             Erth           36%        2d10      2%          1

Your spell library contained the following spells:

 Spells                   Type           Power      Damage    Failure   Level
 Passwall                 Erth           18%        N/A       9%          3
 Stone Arrow              Conj/Erth      22%        3d8       17%         3
 Brom's Barrelling Bould  Conj/Erth      11%        2d3       50%         4
 Petrify                  Alch/Erth      10%        N/A       54%         4


Dungeon Overview and Level Annotations

Branches:
Dungeon (3/15)

Altars:
Dithmenos

Shops:
D:3 (:*


Innate Abilities, Weirdness & Mutations

You are very small and have problems with some larger weapons.
You are too small for most types of armour.
You have supernaturally acute eyesight. (SInv)
You cover ground extremely quickly. (Speed+++)


Message History

You puncture the orc priest!
The orc priest is almost dead.
The orc priest closely misses you.
You hit the orc priest.
The orc priest threatens, "Beogh's wrath is as vast as their mercy.
Make your choice!"
The orc priest is almost dead.
The orc priest shouts, "The Pantheon deserves no one's loyalty.
Let us show you the true path!" The orc priest misses you.
The orc priest begins to cast a cantrip, but forgets the words!
Casting: Sandblast (safe; 2% risk of failure)
Confirm with . or Enter, or press ? or * to list all spells.
Aiming: Sandblast (safe; 2% risk of failure)
Press: ? - help, Shift-Dir - straight line, f - orc priest
Aim: an orc priest, wielding a +0 whip and wearing a +0 chain mail (almost dead, 87% to hit)
The blast of sand hits the orc priest but does no damage.
The orc priest is almost dead.
The orc priest closely misses you. The orc priest hits you with a +0 whip.
Casting: Sandblast (safe; 2% risk of failure)
Confirm with . or Enter, or press ? or * to list all spells.
Aiming: Sandblast (safe; 2% risk of failure)
Press: ? - help, Shift-Dir - straight line, f/p - orc priest
Aim: an orc priest, wielding a +0 whip and wearing a +0 chain mail (almost dead, 87% to hit)
The blast of sand hits the orc priest but does no damage.
The orc priest is almost dead.
The orc priest barely misses you. The orc priest closely misses you.
The orc priest miscasts a cantrip.
The orc priest misses you.
Unknown command.
Casting: Sandblast (safe; 2% risk of failure)
Confirm with . or Enter, or press ? or * to list all spells.
Aiming: Sandblast (safe; 2% risk of failure)
Press: ? - help, Shift-Dir - straight line, f/p - orc priest
Aim: an orc priest, wielding a +0 whip and wearing a +0 chain mail (almost dead, 87% to hit)
The blast of sand hits the orc priest but does no damage.
The orc priest is almost dead.
The orc priest misses you.
The orc priest mumbles some strange prayers to Beogh against you.
Pain shoots through your body!
Ouch! That really hurt!
You die...

. ♣♣.♣ ## ♣...P # #. ...P.
### #o####..... ..## #o@...#
.).# ########.##
.#.########.........#
..............####..#
.................#..#
.................#..#########
........)............>.......
....#####)#.........#.######
##..#;..#.####.#<...#......#


You could see 2 orc priests.

Vanquished Creatures
  2 adders (D:2)
  A shadow imp (D:3)
  2 ribbon worms (D:2)
  A dart slug (D:2)
  5 orcs (D:3)
  2 ball pythons
  4 bats
  4 endoplasms
  5 giant cockroaches
  9 goblins
  5 hobgoblins
  4 jackals (D:1)
  5 quokkas
  A frilled lizard (D:2)
  A kobold (D:2)
  7 rats
58 creatures vanquished.

Notes
Turn   | Place    | Note
-------+----------+-------------------------------------------
     0 | D:1      | PriceMaster the Spriggan Earth Elementalist began the quest
                  | for the Orb.
     0 | D:1      | Reached XP level 1. HP: 9/9 MP: 5/5
   167 | D:1      | Reached skill level 3 in Earth Magic
   188 | D:1      | Reached XP level 2. HP: 10/13 MP: 0/6
   734 | D:1      | Reached XP level 3. HP: 16/16 MP: 4/8
   918 | D:1      | You fall into a shaft and drop 1 floor!
  1530 | D:2      | Identified the +4 longbow of Wondrous Power {antimagic,
                  | rElec rF+ Dex+2}
  1620 | D:2      | Found a shadowy altar of Dithmenos.
  1629 | D:2      | Reached XP level 4. HP: 17/21 MP: 6/10
  2047 | D:3      | Noticed a walking crystal tome
  2057 | D:3      | Found Cumurch's Book Emporium.
  2059 | D:3      | Noticed a walking earthen tome
  2183 | D:3      | Reached skill level 4 in Earth Magic
  2299 | D:3      | Found Soqimna's Weapon Shop.
  2327 | D:3      | Found Feruest's Assorted Antiques.
  2507 | D:3      | Killed from afar by an orc priest

Illustrated notes

Levels and vault maps discovered:
D:1:      lightli_molten_gateway, layout_basic
D:2:      layout_basic, basic_altar
D:3:      layout_basic, nicolae_uskayaw_suspiria, serial_forest,
          infiniplex_forest_diagonal, infiniplex_forest_clump_large,
          infiniplex_forest_corner_1, infiniplex_forest_straight_2,
          infiniplex_forest_lined_corner, infiniplex_forest_clump_double,
          gup_sewer_entry_pipe, serial_shops, nicolae_shop_bloodbath_and_beyond,
          shop, nicolae_shop_competitors_out_of_business,
          nicolae_shop_mannequins, hangedman_abyss_or_decor_lesser_grid,
          kennysheep_nondescript, kennysheep_minor_cross,
          mrwooster_statue_mirror

Skill      XL: |  1  2  3  4 |
---------------+-------------+-----
Earth Magic    | 3 4 |  4.0
Spellcasting   | 3 |  3.9
Short Blades   | |  0.3
Dodging        | |  2.8
Stealth        | |  3.6
Conjurations   | |  0.6

Action                     |  1- 3 |  4- 6 || total
---------------------------+-------+-------++-------
  Melee: Unarmed           |    11 |     2 ||    13
         Punch             |     1 |       ||     1
         Dagger            |       |    16 ||    16
   Cast: Sandblast         |    60 |    27 ||    87
   Stab: Sleeping          |       |     2 ||     2
 Armour: Robe              |     9 |     7 ||    16
  Dodge: Dodged            |    28 |    24 ||    52

Table legend: (Time is in decaauts)
 A = Elapsed time spent in this place.
 B = Non-inter-level travel time spent in this place.
 C = Inter-level travel time spent in this place.
 D = Time resting spent in this place.
 E = Time spent auto-exploring this place.
 F = Levels seen in this place.
 G = Mean time per level.
                   A        B        C        D        E       F      G
               +--------+--------+--------+--------+--------+-----+--------+
         Total |   1880 |   1869 |     11 |      0 |   1579 |   3 |  626.7 |
       Dungeon |   1880 |   1869 |     11 |      0 |   1579 |   3 |  626.7 |
               +--------+--------+--------+--------+--------+-----+--------+

Top non-repeatable levels by time:
     D:2: 751 daAuts
     D:1: 718 daAuts
     D:3: 411 daAuts
